 Dungeon Crawl Stone Soup version 0.29.0-10-g45618ea6d2 (webtiles) character file.

Game seed: 3306545120389310820

176 SensoryNuts the Slasher (level 5, -4/41 HPs)
             Began as a Demonspawn Fighter on Sept 1, 2022.
             Slain by a black bear (5 damage)
             ... on level 5 of the Dungeon.
             The game lasted 00:03:30 (4086 turns).

SensoryNuts the Slasher (Demonspawn Fighter)        Turns: 4086, Time: 00:03:30

Health: -4/41      AC: 10    Str: 16    XL:     5   Next: 30%
Magic:  5/5        EV:  9    Int: 10    God:
Gold:   244        SH:  6    Dex: 14    Spells: 4/4 levels left

rFire   . . .      SeeInvis .   a - +0 long sword
rCold   . . .      Faith    .   c - +1 buckler
rNeg    . . .      Spirit   .   b - +0 scale mail
rPois   .          Reflect  .   (no helmet)
rElec   .          Harm     .   (no cloak)
rCorr   .          Rampage  .   (no gloves)
Will    .....                   r - +0 pair of boots
Stlth   ..........              (no amulet)
HPRegen 0.13/turn               (no ring)
MPRegen 0.09/turn               (no ring)

@: about to teleport
A: molten scales 1, powered by death 1
a: no special abilities


You were on level 5 of the Dungeon.
You visited 2 branches of the dungeon, and saw 6 of its levels.

You collected 244 gold pieces.

Inventory:

Hand Weapons
 a - a +0 long sword (weapon)
Armour
 b - a +0 scale mail (worn)
 c - a +1 buckler (worn)
 r - a +0 pair of boots (worn)
Jewellery
 f - a ring of protection from cold
 l - an amulet of reflection
 m - a ring of poison resistance
 q - a ring of resist corrosion
Wands
 g - a wand of flame (61)
 j - a wand of charming (9)
Scrolls
 e - a scroll of identify
 h - 2 scrolls of enchant armour
 p - a scroll of poison
Potions
 i - a potion of resistance
 k - a potion of brilliance
 n - a potion of degeneration
 o - a potion of cancellation


   Skills:
 + Level 3.5 Fighting
 * Level 3.8 Long Blades
 + Level 3.4 Armour
 + Level 0.6 Dodging
 + Level 0.1 Stealth
 + Level 2.9 Shields


You had 4 spell levels left.
You didn't know any spells.
Your spell library contained the following spells:

 Spells                   Type           Power      Damage    Failure   Level
 Foxfire                  Conj/Fire      0%         2x1d4     87%         1
 Conjure Flame            Conj/Fire      0%         6-21      99%         3
 Inner Flame              Hex/Fire       0%         N/A       99%         3
 Flame Wave               Conj/Fire      0%         2d4       100%        4
 Hailstorm                Conj/Ice       0%         3d3       100%        4
 Ice Form                 Ice/Tmut       0%         N/A       100%        4
 Simulacrum               Ice/Necr       0%         N/A       100%        6


Dungeon Overview and Level Annotations

Branches:
Dungeon (5/15)             Temple (1/1) D:4

Altars:
Ashenzari
Cheibriados
Dithmenos
Gozag
Hepliaklqana
Kikubaaqudgha
Makhleb
Nemelex Xobeh
Okawaru
Qazlal
Trog
Uskayaw
Vehumet
Yredelemnul

Shops:
D:2 :


Innate Abilities, Weirdness & Mutations

You are partially covered in molten scales. (AC +2)
You regenerate a little health from kills.


Message History

The black bear claws you but does no damage.
The black bear closely misses you.
You closely miss the black bear.
The black bear is heavily wounded.
The black bear barely misses you.
The black bear claws you but does no damage.
The black bear claws you. The black bear bites you.
The black bear closely misses you. The black bear claws you.
* * * LOW HITPOINT WARNING * * *
You feel better. The black bear bites you. You block the black bear's attack.
The black bear claws you but does no damage.
You hit the black bear but do no damage.
The black bear is heavily wounded.
The black bear bites you but does no damage.
You block the black bear's attack. x2
You hit the black bear.
The black bear is severely wounded.
The black bear bites you but does no damage.
You block the black bear's attack. The black bear barely misses you.
You closely miss the black bear.
The black bear is severely wounded.
The ogre hits you with a +0 giant club. You block the black bear's attack.
The black bear barely misses you.
The black bear claws you but does no damage.
Unknown command.
As you read the scroll of teleportation, it crumbles to dust.
You feel strangely unstable.
The black bear bites you but does no damage.
The black bear claws you.
* * * LOW HITPOINT WARNING * * *
The black bear claws you but does no damage.
The ogre hits you with a +0 giant club.
* * * LOW HITPOINT WARNING * * *
The black bear attacks as you move away!
The black bear misses you. The black bear claws you.
* * * LOW HITPOINT WARNING * * *
The black bear claws you but does no damage.
The black bear attacks as you move away!
The black bear bites you.
You die...

##### .## #....
...## #...
#...# #.. #...#
####.## #...#
###.....###...#
#......h.##...+
##....@.O.(..#
###...#.....#
##..####<.#
#.## #### #. ##


You could see a black bear and an ogre.

Vanquished Creatures
  A hound (D:5)
  An iguana (D:5)
  4 adders
  A worm (D:2)
  3 dart slugs
  An orc (D:4)
  5 bats
  3 endoplasms
  6 giant cockroaches
  11 goblins
  8 hobgoblins
  3 jackals
  2 quokkas
  7 ball pythons
  A frilled lizard (D:2)
  10 kobolds
  5 rats
72 creatures vanquished.

Notes
Turn   | Place    | Note
-------+----------+-------------------------------------------
     0 | D:1      | SensoryNuts the Demonspawn Fighter began the quest for the
                  | Orb.
     0 | D:1      | Reached XP level 1. HP: 18/18 MP: 1/1
   122 | D:1      | Gained mutation: You are partially covered in molten
                  | scales. (AC +2) [demonic ancestry]
   122 | D:1      | Reached XP level 2. HP: 22/24 MP: 2/2
   630 | D:1      | Found a faded altar of an unknown god.
  1047 | D:1      | Reached XP level 3. HP: 29/29 MP: 3/3
  1715 | D:2      | Identified the +10 mace of Gaevvej {venom, rCorr}
  1830 | D:2      | Found Otybooz's Book Emporium.
  2004 | D:2      | Gained mutation: You regenerate a little health from kills.
                  | [demonic ancestry]
  2004 | D:2      | Reached XP level 4. HP: 35/35 MP: 4/4
  2061 | D:3      | You fall into a shaft and drop 2 floors!
  2061 | D:5      | Entered Level 5 of the Dungeon
  2322 | D:5      | Noticed an ogre
  2463 | D:4      | Found a staircase to the Ecumenical Temple.
  2558 | D:3      | Reached XP level 5. HP: 41/41 MP: 5/5
  3587 | Temple   | Entered the Ecumenical Temple
  4065 | D:5      | Noticed a black bear
  4085 | D:5      | HP: 1/41 [black bear (3)]
  4086 | D:5      | Slain by a black bear

Illustrated notes

Levels and vault maps discovered:
D:1:      psy_arrival_whirlpool, layout_basic,
          hellmonk_ecumenical_altar_crossroads, st_stairs_5,
          corexii_leaking_fountain
D:2:      layout_rooms, serial_shops, nicolae_shop_statue_plus
D:3:      layout_basic
D:4:      layout_basic, minmay_temple_entry_mist
D:5:      layout_layer_cave, mainiacjoe_overflow_concentric_impassable,
          minmay_shop_damaged, kennysheep_generic_room_11
Temple:   nicolae_temple_x_marks_the_god

Skill      XL: |  1  2  3 |
---------------+----------+-----
Long Blades    | 2 3 |  3.8
Armour         | 3 |  3.4
Fighting       | |  3.5
Dodging        | |  0.6
Stealth        | |  0.1
Shields        | |  2.9

Action                   |  1- 3 |  4- 6 || total
-------------------------+-------+-------++-------
Melee: Long sword        |   149 |   112 ||   261
  Use: Scroll            |     7 |     6 ||    13
       Potion            |       |     3 ||     3
Armor: Scale mail        |   105 |    64 ||   169
Dodge: Dodged            |    74 |    51 ||   125
Block: Buckler           |    44 |    38 ||    82
